 Dungeon Crawl Stone Soup version 0.30.0-20-g3615ddf2f0 (webtiles) character file.

Game seed: 13164670148683425861

11769 qw the Cleaver (level 11, -2/68 HPs)
             Began as a Gargoyle Fighter on May 27, 2023.
             Was an Elder of Okawaru.
             Slain by a death yak (18 damage)
             ... on level 11 of the Dungeon.
             The game lasted 00:05:35 (10776 turns).

qw the Cleaver (Gargoyle Fighter)                  Turns: 10776, Time: 00:05:35

Health: -2/68      AC: 33    Str: 24    XL:     11   Next: 82%
Magic:  15/15      EV: 12    Int:  9    God:    Okawaru [****..]
Gold:   538        SH: 10    Dex:  9    Spells: 10/10 levels left

rFire   . . .        f - +1 war axe
rCold   . . .        s - +0 kite shield
rNeg    + . .        t - +0 plate armour
rPois   inf          n - +0 helmet
rElec   +            (no cloak)
rCorr   .            m - +2 pair of gloves
SInv    .            v - +2 pair of boots
Will    .....        (no amulet) Stlth
                     r - +5 ring of evasion
HPRegen 0.31/turn    i - +4 ring of protection
MPRegen 0.14/turn

%: no passive effects
@: about to teleport
A: sickness immunity, AC +8, negative energy resistance 1, electricity
resistance, torment resistance 1, petrification resistance
a: Renounce Religion, Heroism, Finesse


You were on level 11 of the Dungeon.
You worshipped Okawaru.
Okawaru was greatly pleased with you.
You visited 3 branches of the dungeon, and saw 13 of its levels.

You collected 760 gold pieces.
You spent 222 gold pieces at shops.


Innate Abilities, Weirdness & Mutations

You are immune to sickness and miasma.
Your stone body is resilient. (AC +8)
You are immune to poison.
You resist negative energy. (rN+)
You are resistant to electric shocks. (rElec)
You are resistant to unholy torment.
You are immune to petrification.


   Skills:
 - Level 8.0 Fighting
 - Level 11.1 Axes
 - Level 1.9 Throwing
 - Level 8.2 Armour
 - Level 2.8 Dodging
 + Level 9.5 Shields
 + Level 5.6 Invocations


You had 10 spell levels left.
You didn't know any spells.
Your spell library was empty.

Inventory:

Hand Weapons
 c - a +0 morningstar
 f - a +1 war axe (weapon)
Missiles
 l - 2 boomerangs (quivered)
Armour
 m - a +2 pair of gloves (worn)
 n - a +0 helmet (worn)
 s - a +0 kite shield (worn)
 t - a +0 plate armour (worn)
 v - a +2 pair of boots (worn)
Jewellery
 e - a ring of fire
 i - a +4 ring of protection (right hand)
 q - a ring of fire
 r - a +5 ring of evasion (left hand)
Scrolls
 a - 2 scrolls of teleportation
 k - 4 scrolls of identify
Potions
 b - a potion of curing
 d - 3 potions of might
 g - a potion of magic
 h - 3 potions of attraction
 j - a potion of resistance
 o - a potion of cancellation
 p - 2 potions of haste
 x - 4 potions of mutation

Dungeon Overview and Level Annotations

Branches:
Dungeon (11/15)            Temple (1/1) D:5            Lair (1/5) D:11
    Orc (0/2) D:10

Altars:
Ashenzari
Cheibriados
Dithmenos
Elyvilon
Fedhas
Gozag
Hepliaklqana
Kikubaaqudgha
Makhleb
Nemelex Xobeh
Okawaru
Qazlal
Ru
Sif Muna
Trog
Uskayaw
Vehumet
Wu Jian
Xom
Yredelemnul
Zin
The Shining One

Shops:
D:5 [=*   D:8 (

Annotations:
D:5 1 runed translucent door, Crazy Yiuf


Message History

The death yak gores you!
The death yak gores you but does no damage.
You block the black mamba's attack.
You slash the death yak!
The death yak is severely wounded.
You hit the death yak. You hit the black mamba. The black mamba misses you.
You block the death yak's attack. The death yak closely misses you.
You slash the death yak!
The death yak is almost dead.
You slash the death yak! You barely miss the black mamba.
The black mamba misses you.
You barely miss the death yak.
The death yak is almost dead.
You hit the death yak. You slash the black mamba!
You block the black mamba's attack. The death yak gores you!
The death yak gores you but does no damage.
The black mamba bites you but does no damage.
10772 ||| STAIRDANCE You block the black mamba's attack.
The death yak gores you but does no damage. x2
You climb upwards.
Welcome back to the Dungeon!
There is a staircase to the Lair here.
You hit the death yak.
The death yak is almost dead.
You barely miss the death yak. You hit the black mamba.
You kill the black mamba!
Okawaru is honoured by your kill.
The death yak gores you but does no damage.
You block the death yak's attack.
You hit the death yak.
The death yak is almost dead.
You hit the death yak. The death yak misses you. The death yak gores you!
10776 ||| READING 3 scrolls of teleportation.
As you read the scroll of teleportation, it crumbles to dust.
You feel strangely unstable.
You feel like a meek peon again. The death yak gores you!!
You die...

....#..##############.....##
..............~~~~~~~.....#
...:..~.~....~~~~~~~......#
....)..~~..~~~~~~~~~...~..#
.......~.~.~~~~~~~~~~~~~..#######
.....).~~~~.~~~~~~~~~~~~.....##..
......~~~~~~~~~.~~.~~~~..........
......~~~~~~.~....~~~~~~~....##..
................@Y.~~~~...##.####
.......~~~~~~...Y%~~~.~~......##.
.........~~~~...~..~~~...........
......~~~~~~~~~~.~~~~~~.......##.
.......~~~~~~~~~~~~~~~.......####
...<.....~~..~~.~~~..~......##
........~.......~.~..~.....##
...........................#
....###############..?.....#


You could see 2 death yaks.

Vanquished Creatures
  A hydra (D:10)
  A centaur warrior (D:10)
  2 two-headed ogres (D:11)
  A boulder beetle (D:11)
  A death yak (Lair:1)
  A deep elf pyromancer (D:11)
  2 black mambas
  A gargoyle (D:9)
  2 unseen horrors
  A tengu conjurer (D:10)
  2 trolls
  Grinder (D:3)
  A hornet (D:10)
  Prince Ribbit (D:7)
  4 wraiths
  A shadow (D:11)
  A vampire (D:10)
  A warg (D:10)
  Edmund (D:6)
  2 water moccasins
  An ice beast (D:8)
  2 orc warriors
  A black bear (D:7)
  2 sky beasts (D:7)
  An ogre (D:6)
  4 centaurs
  2 wolves (D:11)
  2 phantoms
  A kobold brigand (D:8)
  3 bullfrogs
  A gnoll sergeant (D:8)
  A scorpion (D:6)
  7 wights
  13 killer bees
  4 electric eels (D:11)
  A howler monkey (D:10)
  A jelly (D:6)
  6 hounds
  2 gnoll boudas
  5 orc priests
  2 sleepcaps
  An iguana (D:6)
  8 orc wizards
  17 gnolls
  11 adders
  A white imp (D:6)
  An ufetubus (D:4)
  A worm (D:2)
  3 dart slugs
  36 orcs
  4 endoplasms
  4 giant cockroaches
  6 goblins
  6 hobgoblins
  4 quokkas
  8 ball pythons
  2 frilled lizards
  9 kobolds
  2 rats (D:3)
  A spectral kobold (D:2)
215 creatures vanquished.

Notes
Turn   | Place    | Note
-------+----------+-------------------------------------------
     0 | D:1      | qw the Gargoyle Fighter began the quest for the Orb.
     0 | D:1      | Reached XP level 1. HP: 14/14 MP: 1/1
     0 | D:1      | 0 ||| qw: Version: 0.2-a-99-gce666ed
     0 | D:1      | 0 ||| qw: Game counter: 147
     0 | D:1      | 0 ||| qw: Always use a shield: true
     0 | D:1      | 0 ||| qw: God list: Okawaru
     0 | D:1      | 0 ||| qw: Allow faded altars: false
     0 | D:1      | 0 ||| qw: Do Orc after D:15 true
     0 | D:1      | 0 ||| qw: Do second Lair branch before Depths: true
     0 | D:1      | 0 ||| qw: Lair rune preference: random
     0 | D:1      | 0 ||| qw: Plans: Normal, Zot:1-4, God:TSO, Crypt, Tomb,
                  | Pan, Slime:5, Hells, Abyss, Win
     0 | D:1      | 0 ||| PLANNING D:1-11
    56 | D:1      | 56 ||| Stepping ~*~*~tactically~*~*~ (hiding).
    66 | D:1      | Reached skill level 2 in Axes
    66 | D:1      | Reached XP level 2. HP: 17/19 MP: 2/2
   826 | D:1      | 826 ||| UPGRADING to +0 chain mail.
   836 | D:1      | 836 ||| DROPPING +0 scale mail.
   837 | D:1      | 837 ||| READING 2 scrolls labelled DAINABL TUEN.
   842 | D:1      | 842 ||| READING scroll labelled PEABEF ATASMIACS.
   843 | D:1      | 843 ||| READING scroll labelled YXIEHO PINURIO.
   892 | D:2      | Reached skill level 3 in Axes
   892 | D:2      | Reached XP level 3. HP: 17/23 MP: 3/3
  1006 | D:2      | Identified the +3 trident of Integrity {heavy, rPois}
  1274 | D:2      | Found a faded altar of an unknown god.
  1526 | D:2      | 1526 ||| UPGRADING to +0 pair of gloves.
  1531 | D:2      | 1531 ||| READING scroll labelled OCHUOPT QOIDD.
  1532 | D:2      | 1532 ||| READING scroll labelled XERESE FANLUN.
  1533 | D:2      | 1533 ||| READING scroll labelled UFUDAOW UCOTOR.
  1534 | D:2      | 1534 ||| DRINKING 2 murky inky potions.
  1779 | D:3      | Reached XP level 4. HP: 28/28 MP: 4/4
  1814 | D:3      | Noticed Grinder
  1827 | D:3      | HP: 6/28 [Grinder (2)]
  1828 | D:3      | 1828 ||| READING 2 scrolls of teleportation.
  2010 | D:3      | Reached skill level 4 in Axes
  2010 | D:3      | Paralysed by Grinder for 4 turns
  2014 | D:3      | Killed Grinder
  2015 | D:3      | Reached skill level 5 in Axes
  2015 | D:3      | Reached XP level 5. HP: 24/32 MP: 5/5
  2015 | D:3      | Reached XP level 6. HP: 28/37 MP: 6/6
  2506 | D:3      | 2506 ||| UPGRADING to +6 ring of dexterity.
  2507 | D:3      | 2507 ||| DRINKING 2 smoky white potions.
  2508 | D:3      | 2508 ||| DRINKING potion of curing.
  2508 | D:3      | 2508 ||| (to cure confusion)
  2509 | D:3      | 2509 ||| READING 4 scrolls of identify.
  2509 | D:3      | 2509 ||| IDENTIFYING pink potion
  2510 | D:3      | 2510 ||| READING 3 scrolls of identify.
  2510 | D:3      | 2510 ||| IDENTIFYING metallic pink potion
  2511 | D:3      | 2511 ||| READING 2 scrolls of identify.
  2511 | D:3      | 2511 ||| IDENTIFYING fizzy purple potion
  2512 | D:3      | 2512 ||| DROPPING potion of ambrosia.
  2513 | D:3      | 2513 ||| DROPPING potion of brilliance.
  2514 | D:3      | 2514 ||| DROPPING potion of flight.
  2560 | D:4      | Found an ancient bone altar of Kikubaaqudgha.
  2594 | D:4      | Found a basalt altar of Yredelemnul.
  2816 | D:4      | 2816 ||| DROPPING +0 mace.
  2832 | D:4      | Reached skill level 1 in Dodging
  3269 | D:4      | Reached skill level 6 in Axes
  3358 | D:4      | Found a shimmering blue altar of Sif Muna.
  3358 | D:4      | Found a shadowy altar of Dithmenos.
  3449 | D:4      | 3449 ||| UPGRADING to +4 ring of protection.
  3450 | D:4      | 3450 ||| READING scroll labelled LOVYWIENIZ.
  3451 | D:4      | 3451 ||| READING scroll labelled WIXU RADEDGH.
  3452 | D:4      | 3452 ||| READING scroll labelled WAQIM YQACSOW.
  3453 | D:4      | 3453 ||| READING scroll labelled UHUGHUUNTA.
  3453 | D:4      | Identified a scroll of acquirement
  3453 | D:4      | 3453 ||| ACQUIRING +0 kite shield of Dishonesty {rPois rF-
                  | rN+++ Dex-5}
  3453 | D:4      | Acquired the +0 kite shield of Dishonesty {rPois rF- rN+++
                  | Dex-5}
  3455 | D:4      | 3455 ||| UPGRADING to +0 kite shield of Dishonesty {rPois
                  | rF- rN+++ Dex-5}.
  3465 | D:4      | 3465 ||| READING scroll labelled YFRUCL VOTY.
  3496 | D:5      | Entered Level 5 of the Dungeon
  3520 | D:5      | Found Myw Zocy's Antique Armour Emporium.
  3525 | D:5      | 3525 ||| SHOPLISTING acid dragon scales (1040 gold, have
                  | 304).
  3525 | D:5      | 3525 ||| BUYING helmet (117 gold).
  3525 | D:5      | Bought a helmet for 117 gold pieces
  3591 | D:5      | Reached XP level 7. HP: 42/43 MP: 7/7
  3722 | D:5      | 3722 ||| Stepping ~*~*~tactically~*~*~ (hiding).
  3898 | D:5      | Found a staircase to the Ecumenical Temple.
  3899 | D:5      | 3899 ||| PLANNING TEMPLE
  3899 | D:5      | 3899 ||| UPGRADING to +0 helmet.
  3904 | D:5      | 3904 ||| UPGRADING to amulet of guardian spirit.
  3909 | D:5      | 3909 ||| DROPPING ring of wizardry.
  3910 | D:5      | 3910 ||| READING scroll labelled COM SITOTAPTOISKIJ.
  3911 | D:5      | 3911 ||| READING scroll labelled AVUHUI ALUHI.
  3912 | D:5      | 3912 ||| READING scroll labelled QAUNAF IWENOLI.
  4013 | D:5      | 4013 ||| DRINKING 2 murky silvery potions.
  4117 | D:5      | 4117 ||| DROPPING potion of berserk rage.
  4123 | Temple   | Entered the Ecumenical Temple
  4137 | Temple   | 4137 ||| PLANNING OKAWARU WORSHIP
  4184 | Temple   | Became a worshipper of Warmaster Okawaru
  4184 | Temple   | 4184 ||| PLANNING D:1-11
  4185 | Temple   | 4185 ||| REMOVING amulet of guardian spirit.
  4190 | Temple   | 4190 ||| DROPPING amulet of guardian spirit.
  4261 | D:5      | Found Ryut's Jewellery Shop.
  4264 | D:5      | 4264 ||| SHOPLISTING amulet of reflection (330 gold, have
                  | 224).
  4264 | D:5      | 4264 ||| SHOPLISTING amulet of regeneration (330 gold, have
                  | 224).
  4264 | D:5      | 4264 ||| SHOPLISTING ring "Idosiyge" {rF+ rC++ EV+5 Int+3
                  | Dex-4} (719 gold, have 224).
  4264 | D:5      | 4264 ||| SHOPLISTING ring of ice (275 gold, have 224).
  4303 | D:5      | 4303 ||| Stepping ~*~*~tactically~*~*~ (hiding).
  4392 | D:5      | Found Waaloch's General Store.
  4396 | D:5      | 4396 ||| BUYING potion of might (60 gold).
  4396 | D:5      | Bought a potion of might for 60 gold pieces
  4396 | D:5      | 4396 ||| BUYING scroll of teleportation (45 gold).
  4396 | D:5      | Bought a scroll of teleportation for 45 gold pieces
  4428 | D:5      | Found a runed translucent door.
  4429 | D:5      | Noticed Crazy Yiuf
  4883 | D:5      | 4883 ||| READING scroll labelled PIUDE TUTOG.
  5038 | D:6      | 5038 ||| Stepping ~*~*~tactically~*~*~ (stealth).
  5045 | D:6      | 5045 ||| Stepping ~*~*~tactically~*~*~ (stealth).
  5088 | D:6      | Reached skill level 6 in Shields
  5114 | D:6      | Reached XP level 8. HP: 48/48 MP: 8/8
  5127 | D:6      | Found the +10 zealot's sword {holy, Zealotry, *Rage rN+
                  | EV+3}
  5277 | D:6      | Noticed Edmund
  5292 | D:6      | HP: 9/48 [Edmund/+3 flail of draining (12)]
  5293 | D:6      | 5293 ||| READING 3 scrolls of teleportation.
  5495 | D:6      | Found a white marble altar of Elyvilon.
  5554 | D:6      | Killed Edmund
  5554 | D:6      | Reached * piety under Okawaru
  5555 | D:6      | Reached skill level 7 in Axes
  5586 | D:6      | 5586 ||| DROPPING +0 flail.
  5710 | D:6      | 5710 ||| Stepping ~*~*~tactically~*~*~ (stealth).
  5750 | D:6      | Reached skill level 1 in Invocations
  5757 | D:6      | 5757 ||| INVOKING Heroism.
  5985 | D:6      | 5985 ||| READING 2 scrolls of identify.
  5985 | D:6      | 5985 ||| IDENTIFYING green potion
  6029 | D:7      | 6029 ||| Stepping ~*~*~tactically~*~*~ (hiding).
  6038 | D:7      | 6038 ||| INVOKING Heroism.
  6069 | D:7      | Reached skill level 3 in Invocations
  6174 | D:7      | 6174 ||| INVOKING Heroism.
  6178 | D:7      | Reached skill level 1 in Throwing
  6268 | D:7      | 6268 ||| READING scroll of enchant armour.
  6268 | D:7      | 6268 ||| ENCHANTING +0 pair of gloves.
  6298 | D:7      | Reached XP level 9. HP: 54/54 MP: 12/12
  6395 | D:7      | Noticed Prince Ribbit
  6396 | D:7      | 6396 ||| INVOKING Heroism.
  6407 | D:7      | Killed Prince Ribbit
  6408 | D:7      | Reached skill level 8 in Axes
  6648 | D:7      | You fall into a shaft and drop 1 floor!
  6657 | D:8      | 6657 ||| DRINKING 2 emerald potions.
  6658 | D:8      | 6658 ||| READING 3 scrolls of identify.
  6658 | D:8      | 6658 ||| IDENTIFYING glowing inky potion
  6659 | D:8      | 6659 ||| READING 2 scrolls of identify.
  6659 | D:8      | 6659 ||| IDENTIFYING sapphire potion
  6670 | D:7      | 6670 ||| READING scroll of enchant armour.
  6670 | D:7      | 6670 ||| ENCHANTING +1 pair of gloves.
  6847 | D:8      | Found Jumuytz's Weapon Boutique.
  6901 | D:8      | Found a glowing silver altar of Zin.
  6957 | D:8      | 6957 ||| Stepping ~*~*~tactically~*~*~ (stealth).
  6989 | D:8      | Reached ** piety under Okawaru
  7152 | D:8      | 7152 ||| Stepping ~*~*~tactically~*~*~ (hiding).
  7168 | D:8      | Reached skill level 6 in Fighting
  7304 | D:8      | 7304 ||| Stepping ~*~*~tactically~*~*~ (hiding).
  7317 | D:8      | 7317 ||| Stepping ~*~*~tactically~*~*~ (stealth).
  7495 | D:8      | 7495 ||| DROPPING +0 buckler.
  7496 | D:8      | 7496 ||| UPGRADING to +0 kite shield.
  7506 | D:8      | 7506 ||| DROPPING +0 kite shield of Dishonesty {rPois rF-
                  | rN+++ Dex-5}.
  7507 | D:8      | 7507 ||| READING 2 scrolls of identify.
  7507 | D:8      | 7507 ||| IDENTIFYING fizzy cyan potion
  7534 | D:9      | Noticed a gargoyle
  7535 | D:9      | 7535 ||| Stepping ~*~*~tactically~*~*~ (hiding).
  7546 | D:9      | 7546 ||| INVOKING Heroism.
  7561 | D:9      | Killed a gargoyle
  7698 | D:9      | 7698 ||| DROPPING +3 flail of draining.
  7711 | D:9      | 7711 ||| Stepping ~*~*~tactically~*~*~ (stealth).
  7713 | D:9      | 7713 ||| Stepping ~*~*~tactically~*~*~ (hiding).
  7718 | D:9      | 7718 ||| INVOKING Heroism.
  7730 | D:9      | 7730 ||| Stepping ~*~*~tactically~*~*~ (hiding).
  7733 | D:9      | 7733 ||| Stepping ~*~*~tactically~*~*~ (hiding).
  7734 | D:9      | 7734 ||| Stepping ~*~*~tactically~*~*~ (hiding).
  7735 | D:9      | 7735 ||| Stepping ~*~*~tactically~*~*~ (hiding).
  7736 | D:9      | 7736 ||| Stepping ~*~*~tactically~*~*~ (hiding).
  7737 | D:9      | 7737 ||| Stepping ~*~*~tactically~*~*~ (hiding).
  7738 | D:9      | 7738 ||| Stepping ~*~*~tactically~*~*~ (hiding).
  7768 | D:9      | 7768 ||| INVOKING Heroism.
  7770 | D:9      | Noticed a troll
  7776 | D:9      | Reached XP level 10. HP: 51/60 MP: 11/13
  7794 | D:9      | 7794 ||| INVOKING Heroism.
  7838 | D:9      | 7838 ||| FLEEEEING.
  7859 | D:9      | Found a hide-covered altar of Uskayaw.
  7861 | D:9      | 7861 ||| INVOKING Heroism.
  7872 | D:9      | 7872 ||| INVOKING Heroism.
  7875 | D:9      | Reached skill level 9 in Axes
  7993 | D:9      | Found a snail-covered altar of Cheibriados.
  7994 | D:9      | 7994 ||| Stepping ~*~*~tactically~*~*~ (hiding).
  8010 | D:9      | Found a basalt altar of Yredelemnul.
  8010 | D:9      | Found a shimmering altar of Xom.
  8012 | D:9      | Found a glowing silver altar of Zin.
  8012 | D:9      | Found a shimmering altar of Xom.
  8012 | D:9      | Found a sacrificial altar of Ru.
  8044 | D:9      | 8044 ||| INVOKING Heroism.
  8114 | D:9      | Found a radiant altar of Vehumet.
  8508 | D:9      | 8508 ||| DROPPING +0 scale mail of fire resistance.
  8509 | D:9      | 8509 ||| UPGRADING to +0 plate armour.
  8519 | D:9      | 8519 ||| DROPPING +0 chain mail.
  8520 | D:9      | 8520 ||| UPGRADING to +2 pair of boots.
  8553 | D:10     | Entered Level 10 of the Dungeon
  8607 | D:10     | 8607 ||| Stepping ~*~*~tactically~*~*~ (stealth).
  8608 | D:10     | 8608 ||| Stepping ~*~*~tactically~*~*~ (stealth).
  8647 | D:10     | 8647 ||| DRINKING 2 potions of curing.
  8647 | D:10     | 8647 ||| (to cure confusion)
  8672 | D:10     | 8672 ||| INVOKING Heroism.
  8689 | D:10     | 8689 ||| INVOKING Heroism.
  8708 | D:10     | Found a staircase to the Orcish Mines.
  8758 | D:10     | Noticed a seven-headed hydra
  8769 | D:10     | Noticed a centaur warrior
  8792 | D:10     | Reached skill level 6 in Armour
  8864 | D:10     | Reached *** piety under Okawaru
  9011 | D:10     | 9011 ||| INVOKING Heroism.
  9140 | D:10     | Noticed a white ugly thing
  9162 | D:10     | 9162 ||| FLEEEEING.
  9163 | D:10     | 9163 ||| FLEEEEING.
  9164 | D:10     | 9164 ||| FLEEEEING.
  9165 | D:10     | 9165 ||| FLEEEEING.
  9166 | D:10     | 9166 ||| FLEEEEING.
  9167 | D:10     | 9167 ||| FLEEEEING.
  9196 | D:10     | 9196 ||| INVOKING Heroism.
  9204 | D:10     | Reached skill level 9 in Shields
  9204 | D:10     | HP: 8/63 [white ugly thing (29)]
  9205 | D:10     | 9205 ||| READING 6 scrolls of teleportation.
  9206 | D:10     | 9206 ||| DRINKING potion of heal wounds.
  9366 | D:10     | 9366 ||| INVOKING Heroism.
  9371 | D:10     | 9371 ||| SWAPPING to +0 morningstar.
  9375 | D:10     | Killed a seven-headed hydra
  9376 | D:10     | 9376 ||| SWAPPING to +1 war axe.
  9398 | D:10     | Reached skill level 10 in Axes
  9400 | D:10     | 9400 ||| INVOKING Heroism.
  9408 | D:10     | Killed a centaur warrior
  9409 | D:10     | Reached XP level 11. HP: 44/67 MP: 12/14
  9444 | D:10     | 9444 ||| Stepping ~*~*~tactically~*~*~ (hiding).
  9445 | D:10     | 9445 ||| Stepping ~*~*~tactically~*~*~ (hiding).
  9559 | D:10     | Reached **** piety under Okawaru
  9749 | D:10     | 9749 ||| READING 4 scrolls of identify.
  9749 | D:10     | 9749 ||| IDENTIFYING golden potion
  9788 | D:11     | Noticed a deep elf pyromancer
  9789 | D:11     | 9789 ||| Stepping ~*~*~tactically~*~*~ (hiding).
  9791 | D:11     | 9791 ||| Stepping ~*~*~tactically~*~*~ (hiding).
  9792 | D:11     | 9792 ||| Stepping ~*~*~tactically~*~*~ (hiding).
  9793 | D:11     | 9793 ||| Stepping ~*~*~tactically~*~*~ (hiding).
  9793 | D:11     | Noticed a two-headed ogre
  9794 | D:11     | 9794 ||| Stepping ~*~*~tactically~*~*~ (hiding).
  9795 | D:11     | 9795 ||| Stepping ~*~*~tactically~*~*~ (hiding).
  9795 | D:11     | Noticed a boulder beetle
  9796 | D:11     | 9796 ||| Stepping ~*~*~tactically~*~*~ (hiding).
  9797 | D:11     | 9797 ||| INVOKING Heroism.
  9801 | D:11     | HP: 17/68 [boulder beetle (9)]
  9802 | D:11     | 9802 ||| READING 5 scrolls of teleportation.
  9803 | D:11     | 9803 ||| DRINKING potion of heal wounds.
  9805 | D:11     | Noticed a two-headed ogre
  9814 | D:11     | 9814 ||| INVOKING Heroism.
  9819 | D:11     | Killed a two-headed ogre
 10031 | D:11     | 10031 ||| INVOKING Heroism.
 10053 | D:11     | 10053 ||| INVOKING Heroism.
 10085 | D:11     | 10085 ||| INVOKING Heroism.
 10090 | D:11     | Killed a boulder beetle
 10097 | D:11     | Killed a two-headed ogre
 10098 | D:11     | Reached skill level 11 in Axes
 10115 | D:11     | 10115 ||| INVOKING Heroism.
 10125 | D:11     | Killed a deep elf pyromancer
 10129 | D:11     | HP: 15/68 [electric eel/bolt of electricity (3)]
 10130 | D:11     | 10130 ||| READING 4 scrolls of teleportation.
 10226 | D:11     | 10226 ||| INVOKING Heroism.
 10233 | D:11     | 10233 ||| Stepping ~*~*~tactically~*~*~ (stealth).
 10346 | D:11     | 10346 ||| INVOKING Heroism.
 10356 | D:11     | Found a staircase to the Lair.
 10723 | D:11     | 10723 ||| PLANNING LAIR
 10723 | D:11     | 10723 ||| UPGRADING to +5 ring of evasion.
 10725 | D:11     | 10725 ||| DROPPING +6 ring of dexterity.
 10745 | Lair:1   | Entered Level 1 of the Lair of Beasts
 10745 | Lair:1   | Noticed a death yak
 10746 | Lair:1   | 10746 ||| INVOKING Heroism.
 10750 | Lair:1   | Noticed a death yak
 10751 | Lair:1   | Noticed a death yak
 10761 | Lair:1   | Killed a death yak
 10772 | Lair:1   | 10772 ||| STAIRDANCE
 10775 | D:11     | HP: 16/68 [death yak (17)]
 10776 | D:11     | 10776 ||| READING 3 scrolls of teleportation.
 10776 | D:11     | Slain by a death yak

Levels and vault maps discovered:
D:1:      ebering_trefoil_3fold, layout_loops_corners
D:2:      layout_loops_ring, dreamdust_ecumenical_altar_drowned_temple,
          minmay_pentomino_q2
D:3:      layout_loops_ring, minmay_misc_feat_secret_circle,
          serial_park_tiny_pond, lemuel_flame_loot_1, uniq_grinder
D:4:      layout_basic, mainiacjoe_overflow_boulevard,
          nicolae_overflow_two_pavilions, lemuel_doored_altar,
          dk_noncrumbling_3, minivault_23, minmay_misc_feat_four_crosses,
          kennysheep_generic_room_5
D:5:      layout_basic, minmay_temple_entry_wispy, serial_shops, shop, shop,
          nicolae_shop_crystal, corexii_shack, due_unseen_surprise,
          uniq_crazy_yiuf_cottage
D:6:      layout_gridville, nicolae_elyvilon_peaceful_grove, uniq_edmund
D:7:      layout_basic, kennysheep_generic_room_9, uniq_prince_ribbit1
D:8:      layout_loops_ring, old_standard_altar, serial_shops,
          kennysheep_mini_moat
D:9:      layout_loops_cross, fiery_altar_vehumet, doesnt_xom_only_xom,
          mainiacjoe_overflow_brackets
D:10:     layout_irregular_city, erik_orc_4, minmay_fractal_squares_gapless_7
D:11:     layout_cross, erik_lair_island
Temple:   nicolae_temple_god_jail
Lair:1:   layout_chaotic_city, nicolae_lair_grazing_beasts
          [nicolae_sub_lair_graze_edge, nicolae_sub_lair_graze_edge,
          nicolae_sub_lair_graze_edge, nicolae_sub_lair_graze_edge]

Skill      XL: |  1  2  3  4  5  6  7  8  9 10 11 |
---------------+----------------------------------+-----
Axes           | 2 3 5 6 7 8 10 11 | 11.1
Fighting       | 4 5 6 7 8 |  8.0
Dodging        | 1 2 |  2.8
Shields        | 4 6 7 8 9 |  9.5
Invocations    | 4 5 |  5.6
Throwing       | 1 |  1.9
Armour         | 4 7 8 |  8.2

Action                     |  1- 3 |  4- 6 |  7- 9 | 10-12 || total
---------------------------+-------+-------+-------+-------++-------
  Melee: War axe           |    96 |   111 |   363 |   310 ||   880
         Morningstar       |       |       |       |     4 ||     4
  Throw: Boomerang         |       |       |    57 |    85 ||   142
         Javelin           |       |       |       |     2 ||     2
 Invoke: Heroism           |       |       |     7 |    19 ||    26
    Use: Scroll            |     6 |     9 |    11 |     5 ||    31
         Potion            |     1 |     2 |     2 |     3 ||     8
 Armour: Scale mail        |    12 |       |       |       ||    12
         Chain mail        |    45 |    67 |   188 |    24 ||   324
         Plate armour      |       |       |       |   233 ||   233
  Dodge: Dodged            |    35 |    37 |   109 |    93 ||   274
  Block: Buckler           |    12 |    22 |       |       ||    34
         Kite shield       |       |     4 |   152 |   174 ||   330

Table legend:
 A = Non-vault XP
 B = Vault XP
 C = Vault XP percentage of total XP
 D = Non-vault monster count
 E = Vault monster count
 F = Vault count percentage of total count
                 A         B        C        D         E       F
            +---------+---------+-------+---------+---------+-------
      Total |   11410 |    5403 |  32.1 |     178 |      37 |  17.2
            +---------+---------+-------+---------+---------+-------
        D:1 |      28 |       0 |   0.0 |       8 |       0 |   0.0
        D:2 |      42 |       2 |   4.5 |      15 |       2 |  11.8
        D:3 |     160 |     277 |  63.4 |      17 |       1 |   5.6
        D:4 |      76 |       4 |   5.0 |      12 |       2 |  14.3
        D:5 |     320 |       2 |   0.6 |      12 |       1 |   7.7
        D:6 |     851 |     153 |  15.2 |      19 |       1 |   5.0
        D:7 |     759 |     268 |  26.1 |      14 |       1 |   6.7
        D:8 |    1049 |       0 |   0.0 |      20 |       0 |   0.0
        D:9 |    1872 |       0 |   0.0 |      31 |       0 |   0.0
       D:10 |    1212 |    3144 |  72.2 |      13 |      20 |  60.6
       D:11 |    4614 |     754 |  14.0 |      16 |       8 |  33.3
     Lair:1 |     427 |     799 |  65.2 |       1 |       1 |  50.0
            +---------+---------+-------+---------+---------+-------
